 Dungeon Crawl Stone Soup version 0.27-a0-1612-gde56a17b89 (webtiles) character file.

Game seed: 15427396701597257246

10235 quinnr the Stormcaller (level 11, -5/63 HPs)
             Began as a Tengu Air Elementalist on July 21, 2021.
             Killed by divine providence
             ... invoked by a meliai
              (12 damage)
             ... on level 13 of the Dungeon.
             The game lasted 00:27:45 (15160 turns).

quinnr the Stormcaller (Tengu Air Elementalist)    Turns: 15160, Time: 00:27:45

Health: -5/63      AC:  7    Str: 10    XL:     11   Next: 58%
Magic:  6/18       EV: 20    Int: 20    God:
Gold:   557        SH:  5    Dex: 14    Spells: 13/18 levels left

rFire    . . .     SeeInvis .   b - staff of conjuration
rCold    . . .     Faith    .   x - +0 buckler
rNeg     + + .     Spirit   .   a - +0 robe
rPois    .         Reflect  .   (helmet restricted)
rElec    .         Harm     .   q - +2 cloak {Will+}
rCorr    .         Rampage  .   j - +1 pair of gloves of Dimuzxak {rN+ Will- Str+2 Stlth+}
Will     +....                  (boots unavailable)
Stlth    ++++......             (no amulet)
HPRegen  0.20/turn              t - +4 ring of evasion
MPRegen  0.16/turn              z - ring "Ludoumothu" {rN+ Will+}

@: about to teleport, flying quickly and evasively, quick
A: beak, talons 3, nimble flight
a: no special abilities


You were on level 13 of the Dungeon.
You visited 1 branch of the dungeon, and saw 13 of its levels.

You collected 557 gold pieces.

Inventory:

Hand Weapons
 p - a +4 dagger
 u - the +2 dagger of Vodka {protect, Fragile Str+4}
   (You found it on level 5 of the Dungeon)

   It grants its wielder temporary protection when it strikes (+7 to AC).
   Str:       It affects your strength (+4).
   Fragile:   It will be destroyed if unequipped.
Missiles
 i - 4 atropa-tipped darts
Armour
 a - a +0 robe (worn)
 j - the +1 pair of gloves of Dimuzxak (worn) {rN+ Will- Str+2 Stlth+}
   (You acquired it on level 7 of the Dungeon)

   Str:       It affects your strength (+2).
   rN:        It protects you from negative energy.
   Will:      It decreases your willpower.
   Stlth:     It makes you more stealthy.
 q - a +2 cloak of willpower (worn)
 x - a +0 buckler (worn)
Magical Staves
 b - a staff of conjuration (weapon)
 n - a staff of earth
Jewellery
 t - a +4 ring of evasion (left hand)
 z - the ring "Ludoumothu" (right hand) {rN+ Will+}
   (You acquired it on level 8 of the Dungeon)

   [ring of willpower]

   rN:        It protects you from negative energy.
   Will:      It increases your willpower.
 A - a ring of positive energy
Wands
 d - a wand of mindburst (7)
 C - a wand of digging (8)
Scrolls
 h - a scroll of teleportation
 l - 2 scrolls of immolation
 r - a scroll of fog
 s - 3 scrolls of enchant armour
 w - a scroll of fear
 y - 2 scrolls of enchant weapon
 D - a scroll of magic mapping
Potions
 c - 5 potions of curing
 e - 2 potions of lignification
 f - 2 potions of haste
 g - 3 potions of might
 k - 6 potions of brilliance
 m - a potion of attraction
 o - 4 potions of heal wounds
 v - a potion of degeneration
 B - a potion of berserk rage
 E - a potion of magic


   Skills:
 - Level 5.0 Fighting
 - Level 5.0 Dodging
 - Level 4.0 Stealth
 - Level 4.0 Shields
 - Level 4.0 Spellcasting
 - Level 3.0 Conjurations
 + Level 17.5 Air Magic
 - Level 5.0 Evocations


You had 13 spell levels left.
You knew the following spells:

 Your Spells              Type           Power      Damage    Failure   Level
a - Shock                 Conj/Air       100%       1d9       1%          1
b - Airstrike             Air            32%        N/A       1%          4

Your spell library contained the following spells:

 Spells                   Type           Power      Damage    Failure   Level
 Static Discharge         Conj/Air       61%        N/A       1%          2
 Swiftness                Air            65%        N/A       1%          3
 Animate Skeleton         Necr           8%         N/A       13%         1
 Apportation              Tloc           8%         N/A       13%         1
 Corona                   Hex            4%         N/A       13%         1
 Pain                     Necr           16%        1d4       13%         1
 Summon Small Mammal      Summ           16%        N/A       13%         1
 Tukima's Dance           Hex            4%         N/A       36%         3
 Vampiric Draining        Necr           2%         2d6       36%         3
 Passage of Golubria      Tloc           N/A        N/A       77%         4
 Yara's Violent Unravell  Hex/Tmut       2%         3d3       98%         5


Dungeon Overview and Level Annotations

Branches:
Dungeon (12/15)              Lair (0/6) D:9
 Temple: D:4-7          Orc: D:9-12

Altars:
Ashenzari
Dithmenos
Hepliaklqana
Kikubaaqudgha
Qazlal
Ru
Trog
Uskayaw

Shops:
D:11 (

Annotations:
D:5 Ijyb
D:10 2 transporters, SirDiesAlot's ghost, journeyman DECj


Innate Abilities, Weirdness & Mutations

You have a beak for a mouth.
You have claws for feet.
Your magical nature lets you fly swiftly and evasively.


Message History

Casting: Airstrike (safe; 1% risk of failure)
Confirm with . or Enter, or press ? or * to list all spells.
Aiming: Airstrike (safe; 1% risk of failure)
Press: ? - help, Dir - move target, f - meliai
Aim: a meliai, wielding a +0 hand axe and wearing a +3 leather armour The air twists around and strikes the meliai!
The meliai is moderately wounded.
The meliai calls upon its god to heal the meliai.
The meliai is healed somewhat.
The vampire mosquito misses you.
The meliai mumbles some strange prayers to its god against you.
Something smites you! The vampire mosquito bites you!
The vampire mosquito draws strength from your injuries!
Casting: Airstrike (safe; 1% risk of failure)
Confirm with . or Enter, or press ? or * to list all spells.
Aiming: Airstrike (safe; 1% risk of failure)
Press: ? - help, Dir - move target, f/p - meliai
Aim: a meliai, wielding a +0 hand axe and wearing a +3 leather armour (lightly wounded)
The air twists around and strikes the meliai!!
The meliai is severely wounded.
You block the meliai's attack. The meliai closely misses you.
The vampire mosquito bites you but does no damage.
The meliai calls down the wrath of its god upon you.
Something smites you! The shadow barely misses you. The meliai misses you.
The meliai stings you.
The meliai mumbles some strange prayers to its god against you.
Something smites you!
The vampire mosquito bites you but does no damage.
Casting: Airstrike (safe; 1% risk of failure)
Confirm with . or Enter, or press ? or * to list all spells.
Aiming: Airstrike (safe; 1% risk of failure)
Press: ? - help, Dir - move target, f/p - meliai
Aim: a meliai, wielding a +0 hand axe and wearing a +3 leather armour (severely wounded)
The air twists around and strikes the meliai!
You kill the meliai!
The meliai calls down the wrath of its god upon you.
Something smites you!
* * * LOW HITPOINT WARNING * * *
The meliai mumbles some strange prayers to its god against you.
Something smites you!
You die...

#######
#?..y@#
#...Wy#
#..y.)#
#.....#
#.....#
####++#


You could see a vampire mosquito, a shadow and 2 meliai.

Vanquished Creatures
  2 hydras (D:11)
  3 two-headed ogres
  A cyclops (D:12)
  A manticore (D:11)
  A centaur zombie (D:11)
  An unseen horror (D:11)
  A meliai (D:13)
  2 trolls
  2 vampires (D:11)
  A wraith (D:12)
  A basilisk (D:10)
  5 yaks (D:11)
  A steam dragon (D:6)
  4 vampire mosquitoes (D:10)
  5 water moccasins
  2 orc warriors
  5 black bears
  A necrophage (D:7)
  2 ogres
  3 centaurs
  3 bullfrogs
  2 water moccasin skeletons (D:4)
  9 killer bees
  An electric eel (D:11)
  Crazy Yiuf (D:2)
  A gnoll shaman (D:10)
  2 hounds
  3 orc priests
  A jelly (D:4)
  3 bullfrog skeletons (D:5)
  2 centaur skeletons
  2 iguanas (D:4)
  Natasha (thrice) (D:2)
  5 orc wizards
  A killer bee zombie (D:9)
  A hound skeleton (D:4)
  A howler monkey zombie (D:9)
  8 gnolls
  5 adders
  A shadow imp (D:6)
  A white imp (D:5)
  An ufetubus (D:6)
  5 dart slugs
  18 orcs
  7 ball pythons
  4 endoplasms
  2 giant cockroaches
  A goblin (D:4)
  7 hobgoblins
  2 jackals (D:1)
  8 bats
  3 frilled lizards
  6 kobolds
  3 rats
167 creatures vanquished.

Vanquished Creatures (others)
  30 fungi (D:9)
  34 plants (D:9)
64 creatures vanquished.

Grand Total: 231 creatures vanquished

Notes
Turn   | Place    | Note
-------+----------+-------------------------------------------
     0 | D:1      | quinnr the Tengu Air Elementalist began the quest for the
                  | Orb.
     0 | D:1      | Reached XP level 1. HP: 10/10 MP: 4/4
   573 | D:1      | Reached XP level 2. HP: 16/16 MP: 4/6
   908 | D:1      | Reached skill level 1 in Fighting
  1483 | D:2      | Reached XP level 3. HP: 20/20 MP: 5/7
  1525 | D:2      | Noticed Natasha
  1758 | D:2      | Killed Natasha
  1759 | D:2      | Reached skill level 5 in Air Magic
  2010 | D:3      | Reached XP level 4. HP: 25/25 MP: 5/9
  2015 | D:3      | Learned a level 4 spell: Airstrike
  2093 | D:2      | Found a runed translucent door.
  2094 | D:2      | Noticed Crazy Yiuf
  2159 | D:2      | Noticed Natasha
  2199 | D:2      | Killed Natasha
  2200 | D:2      | Noticed Natasha
  2255 | D:2      | Killed Natasha
  2256 | D:2      | Reached skill level 6 in Air Magic
  2379 | D:2      | Gained mutation: Your magical nature lets you fly swiftly
                  | and evasively. [Tengu growth]
  2379 | D:2      | Reached XP level 5. HP: 16/29 MP: 0/10
  2860 | D:2      | Killed Crazy Yiuf
  2861 | D:2      | Reached skill level 7 in Air Magic
  3433 | D:4      | Reached XP level 6. HP: 34/34 MP: 1/11
  3559 | D:4      | Reached skill level 8 in Air Magic
  4275 | D:4      | Reached skill level 9 in Air Magic
  4701 | D:4      | Reached XP level 7. HP: 38/38 MP: 6/12
  4954 | D:3      | Found a hide-covered altar of Uskayaw.
  5157 | D:3      | Found a faded altar of an unknown god.
  5340 | D:5      | Entered Level 5 of the Dungeon
  5750 | D:5      | Noticed Ijyb
  5864 | D:5      | Found a hazy altar of Hepliaklqana.
  5894 | D:5      | Found a stormy altar of Qazlal.
  6274 | D:5      | Identified the +2 dagger of Vodka {protect, Fragile Str+4}
  6493 | D:6      | Found an ancient bone altar of Kikubaaqudgha.
  6593 | D:6      | Reached skill level 10 in Air Magic
  6754 | D:6      | Found a broken altar of Ashenzari.
  6800 | D:6      | Noticed a steam dragon
  6803 | D:6      | Killed a steam dragon
  6804 | D:6      | Reached XP level 8. HP: 43/43 MP: 3/13
  6991 | D:6      | Found a sacrificial altar of Ru.
  7182 | D:6      | Reached skill level 11 in Air Magic
  8191 | D:7      | Reached skill level 1 in Shields
  8726 | D:7      | Found a shadowy altar of Dithmenos.
  8770 | D:8      | Identified 2 scrolls of acquirement
  8770 | D:8      | Acquired the ring "Ludoumothu" {rN+ Will+}
  8836 | D:7      | Acquired the +1 pair of gloves of Dimuzxak {rN+ Will- Str+2
                  | Stlth+}
  8920 | D:8      | Reached skill level 12 in Air Magic
  9409 | D:8      | Reached XP level 9. HP: 45/47 MP: 4/16
  9582 | D:10     | Entered Level 10 of the Dungeon
 10039 | D:10     | Reached skill level 5 in Dodging
 10039 | D:10     | Reached skill level 13 in Air Magic
 10245 | D:10     | Noticed a two-headed ogre
 10254 | D:10     | Killed a two-headed ogre
 10255 | D:10     | Reached skill level 14 in Air Magic
 10255 | D:10     | Reached XP level 10. HP: 53/53 MP: 0/17
 10732 | D:9      | Found a staircase to the Lair.
 10892 | D:9      | Reached skill level 15 in Air Magic
 11031 | D:9      | Noticed a two-headed ogre
 11035 | D:9      | Killed a two-headed ogre
 11510 | D:9      | Reached skill level 16 in Air Magic
 12031 | D:10     | Noticed a two-headed ogre
 12031 | D:10     | Noticed a cyclops
 12032 | D:10     | Noticed SirDiesAlot's ghost (journeyman DECj)
 12037 | D:10     | Found a transporter.
 12043 | D:10     | Found a transporter.
 12212 | D:10     | Identified the +5 chain mail of the Teacher {rElec rPois
                  | Int-3 SInv}
 12213 | D:10     | Found a bloodstained altar of Trog.
 12219 | D:10     | Noticed a moth of wrath
 12230 | D:10     | Noticed a two-headed ogre
 12619 | D:11     | Reached skill level 1 in Evocations
 12702 | D:11     | Killed an unseen horror
 13045 | D:11     | Noticed a five-headed hydra
 13055 | D:11     | Killed a five-headed hydra
 13056 | D:11     | Reached XP level 11. HP: 40/60 MP: 2/18
 13078 | D:11     | Noticed a two-headed ogre
 13266 | D:11     | Killed a two-headed ogre
 13387 | D:11     | Noticed a manticore
 13391 | D:11     | Killed a manticore
 13536 | D:11     | Found Joarph's Antique Weapon Shop.
 13792 | D:11     | Reached skill level 17 in Air Magic
 14020 | D:11     | Noticed a five-headed hydra
 14034 | D:11     | Killed a five-headed hydra
 14035 | D:11     | Reached skill level 5 in Fighting
 14567 | D:11     | Found a hide-covered altar of Uskayaw.
 14712 | D:11     | Reached skill level 5 in Evocations
 15005 | D:12     | Noticed a cyclops
 15009 | D:12     | Killed a cyclops
 15155 | D:12     | You are sucked into a shaft and drop 1 floor!
 15160 | D:13     | Killed from afar by a meliai

Illustrated notes

Levels and vault maps discovered:
D:1:      tarquinn_simple_flora_water_d, layout_loops_corners,
          chequers_serial_rivers_micro_d, minivault_11, serial_bayou_crossing
D:2:      layout_rooms, uniq_natasha, uniq_crazy_yiuf_cottage
D:3:      layout_loops_ring, mainiacjoe_overflow_catwalk,
          hellmonk_ecumenical_altar_run_dry
D:4:      layout_basic
D:5:      layout_basic, nicolae_hepliaklqana_hippocampus, grunt_qazlal_clouds,
          minmay_temple_entry_overgrown, uniq_ijyb
D:6:      layout_basic, hangedman_ru_absence, amcnicky_altar_gilded,
          lemuel_tele_altar
D:7:      layout_basic, lemuel_coloured_pillars_altar
D:8:      layout_rooms
D:9:      layout_long_grid, due_lair_maze_entry_diamond
D:10:     layout_loops_ring, gammafunk_ghost_wrathful_warriors
D:11:     layout_long_grid, serial_shops, nicolae_shop_stone,
          kennysheep_flooded_box, hangedman_decor_push
D:12:     layout_loops_ring, david_orc_4, kennysheep_just_a_vault, uniq_rupert
D:13:     layout_roguey, skrybe_vaults_entry_preservation, grunt_ministairs_1,
          uniq_urug, uniq_josephine

Skill      XL: |  1  2  3  4  5  6  7  8  9 10 11 |
---------------+----------------------------------+-----
Fighting       | 1 2 3 5 |  5.0
Air Magic      | 5 6 7 9 10 12 14 16 17 | 17.5
Spellcasting   | 3 4 |  4.0
Conjurations   | 3 |  3.0
Dodging        | 3 5 |  5.0
Stealth        | 3 4 |  4.0
Shields        | 4 |  4.0
Evocations     | 3 5 |  5.0

Action                   |  1- 3 |  4- 6 |  7- 9 | 10-12 || total
-------------------------+-------+-------+-------+-------++-------
Melee: Unarmed           |       |     1 |       |       ||     1
       Staff             |       |     7 |     3 |    41 ||    51
       Kick              |       |     3 |       |    11 ||    14
       Dagger            |       |     7 |       |       ||     7
       Peck              |       |     2 |       |    10 ||    12
 Cast: Shock             |    51 |   102 |   109 |   108 ||   370
       Airstrike         |       |    10 |    41 |    78 ||   129
Evoke: Wand              |       |       |       |     4 ||     4
  Use: Scroll            |       |     7 |    11 |     4 ||    22
Armor: Robe              |     1 |     2 |     7 |    44 ||    54
Dodge: Dodged            |     4 |    15 |    49 |   112 ||   180
Block: Buckler           |       |       |     6 |    18 ||    24

Table legend: (Time is in decaauts)
 A = Elapsed time spent in this place.
 B = Non-inter-level travel time spent in this place.
 C = Inter-level travel time spent in this place.
 D = Time resting spent in this place.
 E = Time spent auto-exploring this place.
 F = Levels seen in this place.
 G = Mean time per level.
                   A        B        C        D        E       F      G
               +--------+--------+--------+--------+--------+-----+--------+
         Total |  14533 |  14032 |    501 |   2620 |  10009 |  13 | 1117.9 |
       Dungeon |  14533 |  14032 |    501 |   2620 |  10009 |  13 | 1117.9 |
               +--------+--------+--------+--------+--------+-----+--------+

Top non-repeatable levels by time:
    D:11: 2196 daAuts
     D:1: 1869 daAuts
    D:10: 1697 daAuts
     D:4: 1452 daAuts
     D:9: 1425 daAuts
     D:7: 1222 daAuts
     D:2: 1084 daAuts
     D:5: 1064 daAuts
     D:6: 984 daAuts
     D:3: 782 daAuts
     D:8: 663 daAuts
    D:12: 85 daAuts
    D:13: 4 daAuts
